 Dungeon Crawl Stone Soup version 0.30-a0-304-gdc4b735fe1 (webtiles) character file.

Game seed: 2925018709873275353

543 Hubris850 the Cudgeller (level 7, 0/67 HPs)
             Began as an Ogre Fire Elementalist on Oct 20, 2022.
             Slain by an orc
             ... wielding a +0 hand axe
              (2 damage)
             ... on level 4 of the Dungeon.
             The game lasted 00:14:19 (4706 turns).

Hubris850 the Cudgeller (Ogre Fire Elementalist)    Turns: 4706, Time: 00:14:20

Health: 0/67       AC:  3    Str: 15    XL:     7   Next: 27%
Magic:  10/12      EV:  9    Int: 16    God:
Gold:   211        SH:  0    Dex:  9    Spells: 7/13 levels left

rFire   . . .      SeeInvis +    t - +0 giant club
rCold   . . .      Faith    .    (shield currently unavailable)
rNeg    . . .      Spirit   .    a - +0 robe
rPois   .          Reflect  .    (helmet restricted)
rElec   .          Harm     .    (no cloak)
rCorr   .          Rampage  .    (gloves unavailable)
Will    .....                    (boots unavailable)
Stlth   +.........               (no amulet)
HPRegen 0.31/turn                u - ring of see invisible
MPRegen 0.13/turn                (no ring)

@: no status effects
A: large, unfitting armour, tough skin 1
a: no special abilities


You were on level 4 of the Dungeon.
You visited 1 branch of the dungeon, and saw 4 of its levels.

You collected 211 gold pieces.

Inventory:

Hand Weapons
 e - a +0 dagger
 f - a +0 whip
 k - a +0 dagger of speed
 t - a +0 giant club (weapon)
Missiles
 o - a throwing net
 r - 3 curare-tipped darts
Armour
 a - a +0 robe (worn)
Jewellery
 u - a ring of see invisible (left hand)
Scrolls
 d - 5 scrolls of identify {unknown}
 g - 4 scrolls of teleportation {unknown}
 i - a scroll of fear {unknown}
 l - 2 scrolls of enchant weapon {unknown}
 m - 2 scrolls of amnesia {unknown}
 n - a scroll of acquirement {unknown}
 q - a scroll of blinking {unknown}
 s - 2 scrolls of immolation {unknown}
 v - a scroll of magic mapping {unknown}
Potions
 b - 2 potions of magic
 c - a potion of cancellation {unknown}
 h - a potion of mutation {unknown}
 j - 2 potions of attraction {unknown}
 p - a potion of lignification {unknown}


   Skills:
 - Level 3.3 Fighting
 + Level 4.4 Maces & Flails
 - Level 1.7 Dodging
 - Level 1.4 Stealth
 - Level 3.8 Spellcasting
 - Level 2.4 Conjurations
 - Level 3.6 Fire Magic


You had 7 spell levels left.
You knew the following spells:

 Your Spells              Type           Power      Damage    Failure   Level
a - Foxfire               Conj/Fire      48%        2x1d6     4%          1
b - Scorch                Fire           28%        2d6       6%          2
c - Kindle Blastsparks    Fire/Tloc/Air  12%        2d11      32%         3

Your spell library contained the following spells:

 Spells                   Type           Power      Damage    Failure   Level
 Static Discharge         Conj/Air       14%        2-3/arc   16%         2
 Slow                     Hex            12%        N/A       17%         1
 Inner Flame              Hex/Fire       8%         N/A       24%         3
 Ensorcelled Hibernation  Hex/Ice        6%         N/A       26%         2
 Sublimation of Blood     Necr           3%         N/A       26%         2
 Flame Wave               Conj/Fire      12%        2d6       43%         4
 Confusing Touch          Hex            3%         N/A       45%         3
 Spider Form              Tmut/Pois      3%         N/A       45%         3
 Vampiric Draining        Necr           3%         2d6       45%         3
 Vhi's Electric Charge    Tloc/Air       6%         N/A       45%         3
 Anguish                  Hex/Necr       1%         N/A       86%         4
 Petrify                  Tmut/Erth      3%         N/A       86%         4
 Arcjolt                  Conj/Air       3%         1d13      96%         5
 Irradiate                Conj/Tmut      3%         3d12      96%         5
 Lightning Bolt           Conj/Air       3%         1d15      96%         5


Dungeon Overview and Level Annotations

Branches:
Dungeon (4/15)
 Temple: D:4-7

Altars:
Cheibriados

Shops:
D:2 (


Innate Abilities, Weirdness & Mutations

You are too large for most types of armour.
You have tough skin. (AC +1)


Message History

You sock the orc priest!
The orc priest is almost dead.
The orc priest hits you with a +0 club. The orc barely misses you.
The orc priest hits you with a +0 club. The orc barely misses you.
You are too injured to fight recklessly!
You are too injured to fight recklessly!
You are too injured to fight recklessly!
You are too injured to fight recklessly!
Casting: Foxfire (safe; 4% risk of failure)
Confirm with . or Enter, or press ? or * to list all spells.
You conjure some foxfire!
The orc priest invokes the aid of Beogh against you.
Beogh smites you!
* * * LOW HITPOINT WARNING * * *
The orc hits you but does no damage.
You completely miss the orc priest.
The orc priest is almost dead.
The foxfire hits the orc priest.
The orc priest is almost dead.
The foxfire hits the orc priest but does no damage.
The orc priest is almost dead.
The orc hits you with a +0 hand axe.
* * * LOW HITPOINT WARNING * * *
The orc priest begins to cast a cantrip, but forgets the words!
Casting: Foxfire (safe; 4% risk of failure)
Confirm with . or Enter, or press ? or * to list all spells.
You conjure some foxfire!
The orc priest calls down the wrath of Beogh upon you.
Beogh smites you!
* * * LOW HITPOINT WARNING * * *
The orc barely misses you.
The orc hits your foxfire with a +0 hand axe.
You barely miss the orc priest.
The orc priest is almost dead.
The foxfire hits the orc priest.
The orc priest is almost dead.
The foxfire hits the orc priest but does no damage.
The orc priest is almost dead.
The orc hits you with a +0 hand axe.
You die...

.# ##............##
#....... ##
#.............# #.......
# #.............#
##...... #
#...........).# ####
#...... ##..........#)##
#...# ##.....
#..........##)# #.....
#..... #
#.........###.##......
##....
####.......###..#.......
#.... .####....###
#.#@o...... ##...
..####..## #.o........
...###### #..........
##..## #...........
##..# #........... ####
#.#........<
########.... ####


You could see an orc priest and an orc.

Vanquished Creatures
  An ogre (D:4)
  2 scorpions (D:4)
  A howler monkey (D:4)
  A hound (D:4)
  2 orc priests (D:4)
  An iguana (D:4)
  Robin (D:3)
  4 gnolls (D:2)
  3 adders
  2 worms
  2 dart slugs
  4 orcs
  8 endoplasms
  A giant cockroach (D:3)
  13 goblins
  15 hobgoblins
  6 jackals
  3 quokkas
  7 ball pythons
  9 bats
  4 frilled lizards
  10 kobolds
100 creatures vanquished.

Vanquished Creatures (others)
  262 foxfires
262 creatures vanquished.

Grand Total: 362 creatures vanquished

Notes
Turn   | Place    | Note
-------+----------+-------------------------------------------
     0 | D:1      | Hubris850 the Ogre Fire Elementalist began the quest for
                  | the Orb.
     0 | D:1      | Reached XP level 1. HP: 16/16 MP: 3/3
    38 | D:1      | Reached skill level 1 in Conjurations
   110 | D:1      | Reached XP level 2. HP: 8/26 MP: 3/5
   112 | D:1      | Reached skill level 1 in Fighting
   408 | D:1      | Learned a level 2 spell: Scorch
   628 | D:1      | Reached XP level 3. HP: 33/33 MP: 1/7
   712 | D:1      | Learned a level 3 spell: Kindle Blastsparks
  1044 | D:2      | Found a snail-covered altar of Cheibriados.
  1288 | D:2      | Reached XP level 4. HP: 39/42 MP: 2/8
  1354 | D:2      | Reached skill level 1 in Maces & Flails
  1613 | D:2      | HP: 1/42 [gnoll/+0 club (5)]
  1870 | D:2      | Found Ompan's Antique Weapon Boutique.
  2202 | D:3      | Reached XP level 5. HP: 50/50 MP: 8/10
  2245 | D:3      | Noticed Robin
  2470 | D:3      | Killed Robin
  3100 | D:3      | Found a faded altar of an unknown god.
  3382 | D:4      | Noticed an ogre
  3386 | D:4      | Killed an ogre
  3387 | D:4      | Reached XP level 6. HP: 39/61 MP: 5/11
  3519 | D:4      | Reached skill level 2 in Maces & Flails
  4166 | D:4      | Reached skill level 3 in Maces & Flails
  4396 | D:4      | Reached XP level 7. HP: 64/67 MP: 3/12
  4405 | D:4      | Reached skill level 4 in Maces & Flails
  4705 | D:4      | HP: 2/67 [orc priest/divine providence (15)]
  4706 | D:4      | Slain by an orc

Illustrated notes

Levels and vault maps discovered:
D:1:      dpeg_arrival_solitude, layout_rooms, minmay_misc_feat_rows
D:2:      layout_basic, basic_altar, serial_shops, nicolae_shop_waterfront
D:3:      layout_basic, basic_ecumenical_altar, uniq_robin
D:4:      layout_cave_pods, minmay_surrounded

Skill      XL: |  1  2  3  4  5  6  7 |
---------------+----------------------+-----
Conjurations   | 1 2 |  2.4
Fighting       | 1 2 3 |  3.3
Fire Magic     | 3 |  3.6
Spellcasting   | 3 |  3.8
Maces & Flails | 1 3 4 |  4.4
Dodging        | |  1.7
Stealth        | |  1.4

Action                   |  1- 3 |  4- 6 |  7- 9 || total
-------------------------+-------+-------+-------++-------
Melee: Dagger            |    35 |    60 |       ||    95
       Unarmed           |     1 |       |       ||     1
       Whip              |    16 |    15 |       ||    31
       Punch             |     2 |       |       ||     2
       Giant club        |       |    23 |    10 ||    33
 Cast: Foxfire           |    48 |    89 |    12 ||   149
       Scorch            |     3 |    14 |       ||    17
       Kindle Blastspark |       |     3 |     2 ||     5
Armor: Robe              |    16 |    37 |     3 ||    56
Dodge: Dodged            |    12 |    64 |    12 ||    88

Table legend: (Time is in decaauts)
 A = Elapsed time spent in this place.
 B = Non-inter-level travel time spent in this place.
 C = Inter-level travel time spent in this place.
 D = Time resting spent in this place.
 E = Time spent auto-exploring this place.
 F = Levels seen in this place.
 G = Mean time per level.
                   A        B        C        D        E       F      G
               +--------+--------+--------+--------+--------+-----+--------+
         Total |   4699 |   4547 |    152 |   1071 |   2665 |   4 | 1174.8 |
       Dungeon |   4699 |   4547 |    152 |   1071 |   2665 |   4 | 1174.8 |
               +--------+--------+--------+--------+--------+-----+--------+

Top non-repeatable levels by time:
     D:4: 1342 daAuts
     D:3: 1279 daAuts
     D:2: 1103 daAuts
     D:1: 974 daAuts
